[ AOE2 MATCH · #505842197 ]
UnrankedItalians vs Khmer
Player's team · LOSS
Rival team · WIN
[ REPLAY ANALYSIS · EXTRACTED FROM THE RECORDED GAME ]
Feudal
8:51
Castle
25:27
Imperial
—
| APM avg | 74.3 |
| APM peak | 130 |
| eAPM avg | 38.0 |
| Villagers / military | 88 / 82 |
Focus
⚔️ 51.2% · 🌾 48.8%
Scout Cavalry ×34 · Archer ×18 · Knight ×9 · Monk ×8 · Genoese Crossbowman ×6 · Militia ×5
Feudal
8:51
Castle
26:07
Imperial
—
| APM avg | 86.9 |
| APM peak | 128 |
| eAPM avg | 44.4 |
| Villagers / military | 145 / 156 |
Focus
⚔️ 41.3% · 🌾 58.7%
Scout Cavalry ×102 · Knight ×31 · Skirmisher ×22 · Monk ×1
Match map
Initial resources + every placement click. Lines = walls · curves = elevation contours. ◆ gold · ⬟ stone · ● berries · ✦ relic · ◌ wall gap
Your base· Open — 7t gap
DOOOOOOOOOOOOOOOOOOG's base· Open — unwalled flank
Smoothed initial terrain · ◌ = detected wall gap · hover for details
Inputs per minute
— Mettiu - - DOOOOOOOOOOOOOOOOOOG
Build order — Mettiu
First 150 of 288 actions detected
| 0:00 | Queue | Villager (Male) ×4 |
| 0:01 | Build | House |
| 0:02 | Build | House |
| 1:23 | Queue | Villager (Male) |
| 1:46 | Build | Lumber Camp |
| 1:56 | Queue | Villager (Male) |
| 2:14 | Queue | Villager (Male) |
| 2:44 | Queue | Villager (Male) |
| 3:00 | Queue | Villager (Male) |
| 3:42 | Queue | Villager (Male) |
| 3:42 | Queue | Villager (Male) |
| 3:51 | Build | House |
| 4:04 | Queue | Villager (Male) |
| 4:05 | Queue | Villager (Male) |
| 4:05 | Queue | Villager (Male) |
| 4:43 | Queue | Villager (Male) |
| 5:05 | Build | Barracks |
| 5:16 | Queue | Villager (Male) |
| 5:21 | Research | Loom |
| 5:23 | Queue | Villager (Male) |
| 5:23 | Research | Loom |
| 5:43 | Build | House |
| 6:32 | Research | Feudal Age |
| 7:01 | Build | Mining Camp |
| 7:11 | Queue | Militia |
| 7:11 | Queue | Militia |
| 7:12 | Queue | Militia |
| 7:41 | Queue | Militia |
| 7:41 | Queue | Militia |
| 7:55 | Build | Mill |
| 8:10 | Queue | Villager (Male) |
| 8:32 | Build | House |
| 8:51 | Age | Feudal Age |
| 8:51 | Research | Man-at-Arms (upgrade) |
| 8:51 | Research | Man-at-Arms (upgrade) |
| 8:52 | Research | Man-at-Arms (upgrade) |
| 9:02 | Queue | Villager (Male) |
| 9:04 | Build | Archery Range |
| 9:42 | Queue | Villager (Male) |
| 9:46 | Build | Mill |
| 9:57 | Queue | Archer |
| 10:06 | Queue | Spearman |
| 10:07 | Queue | Villager (Male) |
| 10:27 | Build | Farm |
| 10:35 | Queue | Archer |
| 10:39 | Queue | Villager (Male) |
| 10:47 | Queue | Villager (Male) |
| 10:48 | Build | Farm |
| 10:56 | Build | Palisade Wall |
| 10:56 | Build | Palisade Wall |
| 10:57 | Build | Palisade Wall |
| 11:08 | Build | House |
| 11:25 | Queue | Villager (Male) |
| 11:31 | Queue | Archer |
| 11:36 | Build | Farm |
| 11:41 | Build | Farm |
| 11:43 | Build | Farm |
| 11:59 | Queue | Villager (Male) |
| 12:11 | Queue | Villager (Male) |
| 12:19 | Build | House |
| 12:20 | Build | Palisade Wall |
| 12:22 | Build | Palisade Wall |
| 12:25 | Build | Palisade Wall |
| 12:27 | Queue | Villager (Male) |
| 12:30 | Build | House |
| 12:33 | Build | House |
| 12:34 | Build | Palisade Wall |
| 12:36 | Build | Palisade Wall |
| 12:43 | Queue | Archer |
| 12:48 | Queue | Spearman |
| 12:49 | Build | Farm |
| 12:57 | Research | Double-Bit Axe |
| 12:57 | Research | Double-Bit Axe |
| 13:00 | Queue | Villager (Male) |
| 13:09 | Queue | Villager (Male) |
| 13:11 | Build | Farm |
| 13:31 | Queue | Villager (Male) |
| 13:49 | Queue | Villager (Male) |
| 13:57 | Build | Stable |
| 14:02 | Build | Farm |
| 14:14 | Queue | Archer |
| 14:16 | Queue | Villager (Male) |
| 14:23 | Queue | Archer |
| 14:32 | Build | Farm |
| 14:42 | Queue | Scout Cavalry |
| 14:42 | Queue | Scout Cavalry |
| 14:43 | Build | House |
| 14:55 | Queue | Scout Cavalry |
| 15:01 | Build | Farm |
| 15:06 | Queue | Villager (Male) |
| 15:13 | Build | Farm |
| 15:25 | Research | Town Watch |
| 15:37 | Queue | Scout Cavalry |
| 15:41 | Queue | Villager (Male) |
| 15:53 | Build | Blacksmith |
| 16:04 | Queue | Scout Cavalry |
| 16:11 | Queue | Archer |
| 16:11 | Queue | Villager (Male) |
| 16:32 | Queue | Villager (Male) |
| 16:33 | Build | House |
| 16:45 | Research | Fletching |
| 16:49 | Build | Farm |
| 16:51 | Build | Farm |
| 16:54 | Queue | Archer |
| 17:00 | Build | Farm |
| 17:06 | Build | Farm |
| 17:09 | Queue | Scout Cavalry |
| 17:20 | Queue | Scout Cavalry |
| 17:21 | Queue | Archer |
| 17:25 | Queue | Villager (Male) |
| 17:55 | Queue | Archer |
| 17:56 | Queue | Scout Cavalry |
| 18:00 | Build | Farm |
| 18:10 | Queue | Scout Cavalry |
| 18:11 | Queue | Villager (Male) |
| 18:11 | Queue | Villager (Male) |
| 18:13 | Build | Farm |
| 18:13 | Build | Farm |
| 18:25 | Queue | Scout Cavalry |
| 18:29 | Queue | Villager (Male) |
| 18:31 | Build | Market |
| 18:55 | Queue | Scout Cavalry |
| 19:06 | Build | Farm |
| 19:16 | Build | Farm |
| 19:26 | Build | Farm |
| 19:28 | Queue | Villager (Male) |
| 19:29 | Build | Farm |
| 19:37 | Queue | Archer |
| 19:47 | Build | Farm |
| 19:53 | Queue | Archer |
| 19:54 | Queue | Scout Cavalry |
| 19:56 | Queue | Villager (Male) |
| 20:11 | Queue | Scout Cavalry |
| 20:12 | Queue | Villager (Male) |
| 20:14 | Build | Farm |
| 20:29 | Queue | Scout Cavalry |
| 20:35 | Research | Scale Barding Armor |
| 20:40 | Research | Forging |
| 20:46 | Queue | Archer |
| 20:46 | Queue | Archer |
| 20:54 | Queue | Scout Cavalry |
| 20:59 | Queue | Villager (Male) |
| 20:59 | Queue | Archer |
| 21:16 | Queue | Archer |
| 21:30 | Build | House |
| 21:36 | Build | House |
| 21:37 | Build | House |
| 21:42 | Research | Scale Barding Armor |
| 21:47 | Queue | Archer |
| 22:13 | Queue | Archer |
Build order — DOOOOOOOOOOOOOOOOOOG
First 150 of 470 actions detected
| 0:01 | Queue | Villager (Male) |
| 0:01 | Queue | Villager (Male) |
| 0:02 | Build | House |
| 0:02 | Build | House |
| 0:11 | Queue | Villager (Male) |
| 0:11 | Queue | Villager (Male) |
| 0:11 | Queue | Villager (Male) |
| 1:23 | Queue | Villager (Male) |
| 1:24 | Queue | Villager (Male) |
| 1:36 | Build | Mill |
| 1:56 | Queue | Villager (Male) |
| 1:57 | Queue | Villager (Male) |
| 2:14 | Queue | Villager (Male) |
| 2:53 | Queue | Villager (Male) |
| 2:53 | Queue | Villager (Male) |
| 3:16 | Queue | Villager (Male) |
| 3:16 | Queue | Villager (Male) |
| 3:27 | Queue | Villager (Male) |
| 3:27 | Queue | Villager (Male) |
| 3:56 | Queue | Villager (Male) |
| 3:59 | Build | House |
| 4:06 | Queue | Villager (Male) |
| 4:07 | Queue | Villager (Male) |
| 4:26 | Queue | Villager (Male) |
| 4:26 | Queue | Villager (Male) |
| 5:09 | Queue | Villager (Male) |
| 5:14 | Queue | Villager (Male) |
| 5:24 | Research | Loom |
| 5:31 | Build | Lumber Camp |
| 5:36 | Queue | Villager (Male) |
| 6:37 | Research | Feudal Age |
| 6:37 | Research | Feudal Age |
| 7:39 | Build | House |
| 7:54 | Queue | Villager (Male) |
| 8:13 | Build | Farm |
| 8:19 | Build | Farm |
| 8:51 | Age | Feudal Age |
| 8:53 | Build | Stable |
| 8:57 | Research | Double-Bit Axe |
| 9:00 | Queue | Villager (Male) |
| 9:03 | Build | House |
| 9:05 | Build | Palisade Wall |
| 9:05 | Build | Palisade Wall |
| 9:06 | Build | Palisade Wall |
| 9:06 | Build | Palisade Wall |
| 9:26 | Queue | Scout Cavalry |
| 9:27 | Build | Farm |
| 9:28 | Build | Farm |
| 9:30 | Queue | Scout Cavalry |
| 9:36 | Queue | Scout Cavalry |
| 9:45 | Build | House |
| 9:51 | Queue | Villager (Male) |
| 9:53 | Queue | Villager (Male) |
| 10:10 | Queue | Scout Cavalry |
| 10:21 | Build | Mill |
| 10:24 | Queue | Villager (Male) |
| 10:33 | Build | Palisade Wall |
| 10:39 | Build | Palisade Wall |
| 10:46 | Queue | Scout Cavalry |
| 10:49 | Build | Farm |
| 11:21 | Build | Archery Range |
| 11:29 | Queue | Villager (Male) |
| 11:41 | Build | Farm |
| 11:46 | Build | Farm |
| 11:47 | Queue | Villager (Male) |
| 12:00 | Build | Farm |
| 12:03 | Build | Farm |
| 12:04 | Queue | Skirmisher |
| 12:12 | Build | House |
| 12:18 | Queue | Villager (Male) |
| 12:24 | Queue | Skirmisher |
| 12:34 | Queue | Villager (Male) |
| 12:42 | Build | Farm |
| 12:50 | Queue | Villager (Male) |
| 12:52 | Build | House |
| 12:57 | Queue | Skirmisher |
| 13:02 | Build | Farm |
| 13:10 | Queue | Villager (Male) |
| 13:18 | Queue | Skirmisher |
| 13:21 | Build | House |
| 13:31 | Queue | Villager (Male) |
| 13:43 | Queue | Villager (Male) |
| 13:44 | Build | Farm |
| 13:46 | Queue | Skirmisher |
| 13:57 | Build | Mining Camp |
| 13:59 | Queue | Skirmisher |
| 14:34 | Build | Blacksmith |
| 14:39 | Queue | Villager (Male) |
| 14:41 | Queue | Skirmisher |
| 14:52 | Queue | Scout Cavalry |
| 14:55 | Build | Farm |
| 15:03 | Build | House |
| 15:05 | Queue | Scout Cavalry |
| 15:12 | Queue | Villager (Male) |
| 15:15 | Research | Wheelbarrow |
| 15:22 | Research | Fletching |
| 15:22 | Research | Fletching |
| 15:24 | Queue | Skirmisher |
| 15:25 | Queue | Scout Cavalry |
| 15:32 | Queue | Villager (Male) |
| 15:38 | Build | Farm |
| 15:40 | Build | House |
| 15:51 | Queue | Skirmisher |
| 15:56 | Queue | Scout Cavalry |
| 16:06 | Queue | Villager (Male) |
| 16:13 | Build | Farm |
| 16:16 | Build | House |
| 16:19 | Queue | Skirmisher |
| 16:26 | Research | Wheelbarrow |
| 16:27 | Research | Wheelbarrow |
| 16:31 | Queue | Villager (Male) |
| 16:33 | Build | House |
| 16:39 | Queue | Villager (Male) |
| 16:49 | Research | Scale Barding Armor |
| 16:50 | Research | Scale Barding Armor |
| 16:53 | Build | Farm |
| 17:03 | Queue | Scout Cavalry |
| 17:10 | Queue | Villager (Male) |
| 17:21 | Build | Farm |
| 17:30 | Build | House |
| 17:38 | Queue | Villager (Male) |
| 17:46 | Queue | Villager (Male) |
| 17:52 | Queue | Scout Cavalry |
| 17:59 | Build | Farm |
| 18:09 | Queue | Scout Cavalry |
| 18:12 | Build | House |
| 18:12 | Queue | Villager (Male) |
| 18:14 | Build | Farm |
| 18:29 | Queue | Villager (Male) |
| 18:32 | Queue | Scout Cavalry |
| 18:36 | Build | Farm |
| 18:46 | Build | House |
| 18:47 | Queue | Scout Cavalry |
| 19:07 | Queue | Villager (Male) |
| 19:07 | Research | Forging |
| 19:08 | Research | Forging |
| 19:08 | Queue | Scout Cavalry |
| 19:19 | Build | Farm |
| 19:20 | Build | Farm |
| 19:21 | Queue | Scout Cavalry |
| 19:25 | Queue | Skirmisher |
| 19:30 | Build | House |
| 19:33 | Build | Farm |
| 19:34 | Queue | Scout Cavalry |
| 19:47 | Queue | Villager (Male) |
| 19:48 | Queue | Villager (Male) |
| 19:53 | Queue | Skirmisher |
| 19:53 | Queue | Scout Cavalry |
| 19:54 | Queue | Scout Cavalry |
| 20:07 | Build | Farm |
Match timeline
| 5:05 | Mettiu · first_building Barracks |
| 8:51 | Mettiu · age_up feudal |
| 8:51 | DOOOOOOOOOOOOOOOOOOG · age_up feudal |
| 8:53 | DOOOOOOOOOOOOOOOOOOG · first_building Stable |
| 9:04 | Mettiu · first_building Archery Range |
| 9:05 | DOOOOOOOOOOOOOOOOOOG · wall_segment Palisade Wall x1 |
| 9:05 | DOOOOOOOOOOOOOOOOOOG · wall_segment Palisade Wall x1 |
| 9:06 | DOOOOOOOOOOOOOOOOOOG · wall_segment Palisade Wall x1 |
| 9:06 | DOOOOOOOOOOOOOOOOOOG · wall_segment Palisade Wall x1 |
| 10:33 | DOOOOOOOOOOOOOOOOOOG · wall_segment Palisade Wall x1 |
| 10:39 | DOOOOOOOOOOOOOOOOOOG · wall_segment Palisade Wall x1 |
| 10:56 | Mettiu · wall_segment Palisade Wall x1 |
| 10:56 | Mettiu · wall_segment Palisade Wall x1 |
| 10:57 | Mettiu · wall_segment Palisade Wall x1 |
| 11:21 | DOOOOOOOOOOOOOOOOOOG · first_building Archery Range |
| 12:20 | Mettiu · wall_segment Palisade Wall x1 |
| 12:22 | Mettiu · wall_segment Palisade Wall x1 |
| 12:25 | Mettiu · wall_segment Palisade Wall x1 |
| 12:34 | Mettiu · wall_segment Palisade Wall x1 |
| 12:36 | Mettiu · wall_segment Palisade Wall x1 |
| 13:57 | Mettiu · first_building Stable |
| 24:00 | Mettiu · wall_segment Palisade Wall x1 |
| 24:08 | Mettiu · wall_segment Palisade Wall x4 |
| 25:06 | Mettiu · first_market_buy 100 food |
| 25:27 | Mettiu · age_up castle |
| 25:39 | Mettiu · first_building Monastery |
| 26:07 | DOOOOOOOOOOOOOOOOOOG · age_up castle |
| 29:37 | Mettiu · first_market_sell 100 food |
| 29:58 | DOOOOOOOOOOOOOOOOOOG · first_building Monastery |
| 33:09 | Mettiu · wall_segment Stone Wall x2 |
| 34:27 | Mettiu · wall_segment Stone Wall x1 |
| 36:38 | Mettiu · wall_segment Palisade Wall x1 |
| 36:42 | Mettiu · wall_segment Palisade Wall x1 |
| 36:49 | Mettiu · first_building Castle |
| 37:27 | Mettiu · wall_segment Stone Wall x1 |
| 38:20 | DOOOOOOOOOOOOOOOOOOG · first_building Siege Workshop |
| 38:36 | Mettiu · resign |
[ AI ANALYSIS · 1 CREDIT ]
What really happened in this match?
Wolo.gg analyzes every decision: build order, eco, micro, common mistakes by bracket. Personalized analysis on WhatsApp or Discord in 30 seconds.
Civ guide
Italians
Perfil
Mettiu (Mettiu)